[Event "POR-ch Absolute 2018"]
[Site "Braga"]
[Date "2018.09.04"]
[Round "3"]
[White "Martins, Bruno Andre Leite"]
[Black "Rocha, Sergio"]
[Result "1/2-1/2"]
[ECO "B01"]
[WhiteElo "2262"]
[BlackElo "2379"]
[Annotator "RC"]
[PlyCount "105"]
[EventDate "2018.09.02"]
[EventType "tourn"]
[EventCountry "POR"]
[SourceTitle "playchess.com"]
[Source "ChessBase"]
[SourceQuality "1"]
[TimeControl "40/5400+30:1800+30"]

1. e4 d5 2. exd5 Qxd5 3. Nc3 Qa5 4. d4 Nf6 5. Nf3 c6 6. Bc4 Bf5 7. Ne5 e6 8. g4 Be4 9. O-O Bd5 10. Qe2 Nbd7 11. Nxd5 cxd5 12. Bb5 a6 13. Bxd7+ Nxd7 14. Nxd7 Kxd7 15. Bd2 Qc7 16. Qf3 f6 17. c4 dxc4 18. Bf4 Bd6 19. Bxd6 Kxd6 20. b3 c3 21. Rac1 Rac8 22. Rfe1 Qc6 23. d5 exd5 24. Qf4+ Kd7 25. Qf5+ Kc7 26. Re6 Qc5 27. Rxc3 Qxc3 28. Qf4+ Qe5 29. Rxe5 fxe5 30. Qxe5+ Kc6 31. Qc3+ Kb6 32. Qxg7 Rcd8 33. Qd4+ Kc6 34. b4 b6 35. a4 Rhe8 36. a5 bxa5 37. bxa5 Kb5 38. h4 Kxa5 39. g5 Kb5 40. Qd3+ Kc5 41. Qxh7 d4 42. Qd3 Rh8 43. g6 Rxh4 44. Qf5+ Rd5 45. Qc8+ Kb5 46. Qb7+ Kc4 47. Qxa6+ Kc5 48. Qa7+ Kc4 49. Qa6+ Kc5 50. Qc8+ Kb5 51. Qe8+ Kc4 52. Qa4+ Kc5 53. Qa7+ 1/2-1/2

[Event "POR-ch Absolute 2018"]
[Site "Braga"]
[Date "2018.09.05"]
[Round "4"]
[White "Fernandes, Antonio"]
[Black "Sousa, Andre Ventura"]
[Result "0-1"]
[ECO "C44"]
[WhiteElo "2389"]
[BlackElo "2365"]
[Annotator "NA RC"]
[PlyCount "65"]
[EventDate "2018.09.02"]
[EventType "tourn"]
[EventCountry "POR"]
[SourceTitle "playchess.com"]
[Source "ChessBase"]
[SourceQuality "1"]
[TimeControl "40/5400+30:1800+30"]

1. e4 e5 2. Nf3 Nc6 3. d4 exd4 4. Nxd4 Bb4+ 5. c3 Bc5 6. Be3 Bb6 7. f3 Nf6 8. Qd2 O-O 9. c4 Ne5 10. Nc3 c6 11. Be2 d5 12. cxd5 cxd5 13. f4 Nc4 14. Bxc4 dxc4 15. O-O-O Bg4 16. Nf3 Qxd2+ 17. Bxd2 Rad8 18. Rde1 Bxf3 19. gxf3 Rd3 20. Rhf1 Rfd8 21. Re2 Rxd2 22. Rxd2 Be3 23. Rfd1 Bxf4 24. Kc2 Rxd2+ 25. Rxd2 Bxd2 26. Kxd2 Nd7 27. f4 Kf8 28. Ke3 Nc5 29. f5 Nd3 30. b3 Ne5 31. bxc4 Nxc4+ 32. Kd4 Nd6 33. Nd5 0-1

[Event "POR-ch Absolute 2018"]
[Site "Braga"]
[Date "2018.09.05"]
[Round "4"]
[White "Rego, Pedro Filipe"]
[Black "Silva, Luis Neves Da"]
[Result "1/2-1/2"]
[ECO "C44"]
[WhiteElo "2270"]
[BlackElo "2353"]
[Annotator "NA"]
[PlyCount "69"]
[EventDate "2018.09.02"]
[EventType "tourn"]
[EventCountry "POR"]
[SourceTitle "playchess.com"]
[Source "ChessBase"]
[SourceQuality "1"]
[TimeControl "40/5400+30:1800+30"]

1. e4 e5 2. Nf3 Nc6 3. d4 exd4 4. Nxd4 Nf6 5. Nc3 Bb4 6. Nxc6 bxc6 7. Bd3 d5 8. exd5 O-O 9. O-O Bg4 10. f3 Bh5 11. Bg5 Bxc3 12. bxc3 cxd5 13. Qd2 Qd6 14. Qf4 Qc5+ 15. Qd4 Qxd4+ 16. cxd4 Bg6 17. Rab1 Rfe8 18. Kf2 Re6 19. Rfe1 Bxd3 20. cxd3 Rxe1 21. Kxe1 Nd7 22. Rb7 Nf8 23. Bf4 c6 24. Rb8 Rxb8 25. Bxb8 a6 26. Kd2 Ne6 27. Kc3 Nd8 28. Bc7 Nb7 29. Kd2 Kf8 30. Ke3 Ke7 31. Bb8 Ke6 32. g4 f6 33. h4 Nd8 34. f4 f5 35. g5 {[%emt 0:00:09] Ke5 Ke4+} 1/2-1/2

[Event "POR-ch Absolute 2018"]
[Site "Braga"]
[Date "2018.09.05"]
[Round "4"]
[White "Martins, Bruno Andre Leite"]
[Black "Vasques, Antonio Pedro Freix"]
[Result "0-1"]
[ECO "B31"]
[WhiteElo "2262"]
[BlackElo "2239"]
[Annotator "NA"]
[PlyCount "80"]
[EventDate "2018.09.02"]
[EventType "tourn"]
[EventCountry "POR"]
[SourceTitle "playchess.com"]
[Source "ChessBase"]
[SourceQuality "1"]
[TimeControl "40/5400+30:1800+30"]

1. e4 c5 2. Nf3 Nc6 3. Bb5 g6 4. Bxc6 dxc6 5. d3 Bg7 6. h3 e5 7. Nc3 Nf6 8. Be3 Qd6 9. Qd2 O-O 10. Bh6 b6 11. Bxg7 Kxg7 12. b3 Ne8 13. Ne2 Nc7 14. h4 h5 15. Nh2 f5 16. exf5 Bxf5 17. Ng3 Qd4 18. Rd1 Qxh4 19. Nf3 Qf4 20. Nxf5+ Rxf5 21. Qe2 Qb4+ 22. Kf1 Re8 23. Qe4 Re6 24. c4 Rf4 25. Qe3 Qc3 26. g3 Rf8 27. Re1 Ref6 28. Nxe5 Rxf2+ 29. Qxf2 Rxf2+ 30. Kxf2 Ne6 31. Nf3 Nd4 32. Nxd4 cxd4 33. Re7+ Kf6 34. Rhe1 Qxd3 35. R1e6+ Kg5 36. Re5+ Kg4 37. Re4+ Kg5 38. R4e5+ Kh6 39. Rxa7 Qc2+ 40. Re2 d3 0-1

[Event "POR-ch Absolute 2018"]
[Site "Braga"]
[Date "2018.09.05"]
[Round "4"]
[White "Veiga, Jose Francisco R P "]
[Black "Martins, David Pires Tavares"]
[Result "1/2-1/2"]
[ECO "C41"]
[WhiteElo "2231"]
[BlackElo "2402"]
[Annotator "NA"]
[PlyCount "81"]
[EventDate "2018.09.02"]
[EventType "tourn"]
[EventCountry "POR"]
[SourceTitle "playchess.com"]
[Source "ChessBase"]
[SourceQuality "1"]
[TimeControl "40/5400+30:1800+30"]

1. e4 d6 2. d4 Nf6 3. Nc3 e5 4. Nf3 Nbd7 5. Bc4 Be7 6. O-O O-O 7. Re1 a6 8. a4 b6 9. b3 Bb7 10. Bb2 exd4 11. Qxd4 Re8 12. Nd5 Bf8 13. Nxf6+ Qxf6 14. Qxf6 Nxf6 15. Bxf6 gxf6 16. Bd5 c6 17. Bc4 f5 18. exf5 d5 19. Bd3 Bb4 20. Rxe8+ Rxe8 21. Rd1 c5 22. Kf1 Kg7 23. h4 h6 24. g4 Bc3 25. Kg2 c4 26. bxc4 dxc4 27. Bf1 b5 28. Kg3 Be4 29. Kf4 bxa4 30. g5 hxg5+ 31. Nxg5 Bxc2 32. Rd7 Bd3 33. Bxd3 cxd3 34. Rxd3 Bb2 35. Rd7 a3 36. Rxf7+ Kg8 37. f6 Rf8 38. Rg7+ Kh8 39. Rh7+ Kg8 40. Rg7+ Kh8 41. Ke4 1/2-1/2

[Event "POR-ch Absolute 2018"]
[Site "Braga"]
[Date "2018.09.06"]
[Round "6"]
[White "Rego, Pedro Filipe"]
[Black "Padeiro, Jose"]
[Result "0-1"]
[ECO "A06"]
[WhiteElo "2270"]
[BlackElo "2209"]
[Annotator "NA"]
[PlyCount "116"]
[EventDate "2018.09.02"]
[EventType "tourn"]
[EventCountry "POR"]
[SourceTitle "playchess.com"]
[Source "ChessBase"]
[SourceQuality "1"]
[TimeControl "40/5400+30:1800+30"]

1. Nf3 d5 2. d4 c6 3. g3 Bf5 4. Bg2 Nf6 5. c4 e6 6. O-O Nbd7 7. b3 h6 8. Bb2 {[%emt 0:00:31] D11: Slav Defence: 3 Nf3 sidelines and 3...Nf6 4 e3 Bg4} Bd6 (8... Be7 9. Nfd2 O-O 10. Nc3 a5 11. e3 Qb6 12. Qe2 Rfe8 13. Rfc1 Rad8 14. a3 Bf8 15. Qf1 Bg6 16. h3 Qa7 17. b4 axb4 18. axb4 {1-0 (123) Nakamura,H (2769)-Caruana,F (2816) Paris 2018}) 9. Nc3 Ne4 10. Nd2 Nxc3 11. Bxc3 Nf6 12. e4 $146 ({Predecessor:} 12. b4 O-O 13. f3 Bh7 14. e4 Bc7 15. e5 Nd7 {1-0 (34) Burmakin,V (2575)-Saric,A (2350) Nova Gorica 2003}) 12... dxe4 13. Qe2 O-O 14. Nxe4 Nxe4 15. Bxe4 Bxe4 16. Qxe4 Be7 17. Rad1 Bf6 18. Rd3 Qe7 19. Re1 Rfe8 20. a4 Rad8 21. Red1 c5 22. Qf3 cxd4 23. Bxd4 e5 24. Bc3 e4 25. Bxf6 Rxd3 26. Qxd3 Qxf6 27. Qd7 Qe7 28. Qxe7 Rxe7 29. Kf1 f5 30. Ke2 Kf7 31. Ke3 Ke6 32. h4 g5 33. hxg5 hxg5 34. Rd5 Rh7 35. Rd8 b6 36. Re8+ Kf6 37. Rf8+ Ke5 38. Re8+ Kf6 39. Rd8 Rh1 40. Rd6+ Ke5 41. Rd5+ Ke6 42. Rb5 Rd1 43. Ke2 Rb1 44. Ke3 Re1+ 45. Kd2 Rf1 46. Ke2 Rb1 47. Kd2 Kf6 48. Ke3 Rd1 49. Ke2 Rd3 $11 50. b4 Ra3 51. a5 bxa5 52. bxa5 f4 53. gxf4 gxf4 54. Kf1 f3 55. Kg1 Ra1+ 56. Kh2 e3 57. Rb3 e2 58. Rxf3+ Kg5 0-1

[Event "POR-ch Absolute 2018"]
[Site "Braga"]
[Date "2018.09.07"]
[Round "7"]
[White "Martins, David Pires Tavares"]
[Black "Martins, Bruno Andre Leite"]
[Result "1-0"]
[ECO "E75"]
[WhiteElo "2402"]
[BlackElo "2262"]
[Annotator "ChessBase"]
[PlyCount "57"]
[EventDate "2018.09.02"]
[EventType "tourn"]
[EventCountry "POR"]
[SourceTitle "playchess.com"]
[Source "ChessBase"]
[SourceQuality "1"]
[TimeControl "40/5400+30:1800+30"]

1. d4 Nf6 2. c4 g6 3. Nc3 Bg7 4. e4 d6 5. Be2 O-O 6. Bg5 c5 7. d5 e6 8. Qd2 exd5 9. exd5 Qb6 10. Nf3 Bf5 11. Nh4 Ne4 12. Nxe4 Bxe4 13. f3 h6 14. Bxh6 Bxh6 15. Qxh6 Qxb2 16. Rc1 Re8 17. O-O Qxe2 18. fxe4 Qxe4 19. Rxf7 Qe3+ 20. Qxe3 Rxe3 21. Rxb7 Na6 22. Nxg6 Rae8 23. a3 Rxa3 24. Rxa7 Ra2 25. Ne7+ Kh8 26. Re1 Rb8 27. Ng6+ Kg8 28. h4 Nb4 29. Rd7 1-0

[Event "POR-ch Absolute 2018"]
[Site "Braga"]
[Date "2018.09.07"]
[Round "7"]
[White "Sousa, Andre Ventura"]
[Black "Rocha, Sergio"]
[Result "*"]
[ECO "B03"]
[WhiteElo "2365"]
[BlackElo "2379"]
[Annotator "NA"]
[PlyCount "27"]
[EventDate "2018.09.02"]
[EventType "tourn"]
[EventCountry "POR"]
[SourceTitle "playchess.com"]
[Source "ChessBase"]
[SourceQuality "1"]
[TimeControl "40/5400+30:1800+30"]

1. e4 Nf6 2. e5 Nd5 3. d4 d6 4. Nf3 c6 5. Be2 Bg4 6. h3 Bxf3 7. Bxf3 e6 8. O-O Nd7 9. Re1 dxe5 10. dxe5 Bc5 11. Nd2 Bd4 12. Bxd5 cxd5 13. Nf3 Bc5 14. Be3 *

[Event "POR-ch Absolute 2018"]
[Site "Braga"]
[Date "2018.09.07"]
[Round "7"]
[White "Silva, Luis Neves Da"]
[Black "Vasques, Antonio Pedro Freix"]
[Result "1/2-1/2"]
[ECO "A05"]
[WhiteElo "2353"]
[BlackElo "2239"]
[Annotator "NA"]
[PlyCount "75"]
[EventDate "2018.09.02"]
[EventType "tourn"]
[EventCountry "POR"]
[SourceTitle "playchess.com"]
[Source "ChessBase"]
[SourceQuality "1"]
[TimeControl "40/5400+30:1800+30"]

1. Nf3 Nf6 2. g3 g6 3. b3 Bg7 4. Bb2 O-O 5. Bg2 a5 6. c4 c6 7. O-O d5 8. Nc3 Ne4 9. Na4 Bxb2 10. Nxb2 Nd7 11. d4 b6 12. Rc1 Bb7 13. Nd3 a4 14. cxd5 cxd5 15. bxa4 e6 16. Qb3 Ba6 17. Rc2 Nd6 $14 18. Rb1 Nc4 19. Bf1 Qe7 20. Rbc1 Rfb8 21. Nb4 Na5 22. Qc3 Rc8 23. Qe1 Rxc2 24. Rxc2 Bc4 25. Qb1 Nb7 26. Nc6 Qd6 27. Nce5 Nxe5 28. dxe5 Qc5 29. Rb2 Rxa4 30. Rxb6 Bxa2 31. Qb2 Na5 32. Rb8+ Kg7 33. Qd2 Qc7 34. Re8 Qd7 35. Rb8 Qc7 36. Qb2 Bc4 37. h4 Ba6 38. Qb6 1/2-1/2

[Event "POR-ch Absolute 2018"]
[Site "Braga"]
[Date "2018.09.07"]
[Round "7"]
[White "Veiga, Jose Francisco R P "]
[Black "Rego, Pedro Filipe"]
[Result "1-0"]
[ECO "B48"]
[WhiteElo "2231"]
[BlackElo "2270"]
[Annotator "NA"]
[PlyCount "67"]
[EventDate "2018.09.02"]
[EventType "tourn"]
[EventCountry "POR"]
[SourceTitle "playchess.com"]
[Source "ChessBase"]
[SourceQuality "1"]
[TimeControl "40/5400+30:1800+30"]

1. e4 c5 2. Nf3 e6 3. d4 cxd4 4. Nxd4 Nc6 5. Nc3 Qc7 6. Be3 a6 7. Qd2 Nf6 8. f3 Be7 9. O-O-O b5 10. Kb1 Nxd4 11. Qxd4 Bb7 12. g4 Rc8 13. Qd3 b4 14. Ne2 d5 15. exd5 Bxd5 16. g5 Nd7 17. Bf4 Qa5 18. Nc1 Nc5 19. Qe3 Qa4 20. Nb3 Qc6 21. Nd4 Qb7 22. h4 Na4 23. Qe2 Rc4 24. Qe5 f6 25. Qe3 Rxd4 26. Rxd4 e5 27. Bxe5 O-O 28. gxf6 Bc5 29. fxg7 Re8 30. Bd3 Qb6 31. Bxh7+ Kxh7 32. Qd3+ Kg8 33. Rxd5 Nc3+ 34. Bxc3 1-0

[Event "POR-ch Absolute 2018"]
[Site "Braga"]
[Date "2018.09.07"]
[Round "7"]
[White "Padeiro, Jose"]
[Black "Fernandes, Antonio"]
[Result "0-1"]
[ECO "B24"]
[WhiteElo "2209"]
[BlackElo "2389"]
[Annotator "NA"]
[PlyCount "87"]
[EventDate "2018.09.02"]
[EventType "tourn"]
[EventCountry "POR"]
[SourceTitle "playchess.com"]
[Source "ChessBase"]
[SourceQuality "1"]
[TimeControl "40/5400+30:1800+30"]

1. e4 c5 2. Nc3 Nc6 3. Bb5 Nd4 4. Bc4 e6 5. Nge2 Ne7 6. Nxd4 cxd4 7. Ne2 Nc6 {LiveBook: 147 Games} 8. d3 g6 9. O-O Bg7 {B30: Sicilian: 2...Nc6 3 Bb5, lines without ...g6} 10. f4 (10. Bd2 O-O 11. b4 a5 12. bxa5 Nxa5 13. Bb4 d6 14. Bb3 Qc7 15. Qd2 Bd7 16. f4 Rfc8 17. Rac1 {½-½ (77) Paehtz,E (2472)-Fier,A (2608) Nancy 2016}) 10... O-O 11. Qe1 Na5 $146 ({Predecessor:} 11... d5 12. exd5 exd5 13. Bb3 Re8 14. Qf2 Be6 15. Ng3 Ne7 16. Bd2 Nf5 17. Nxf5 Bxf5 18. Rae1 Be6 19. Bb4 Qb6 20. Bd2 Rac8 21. Re2 Qc6 22. Rfe1 {½-½ (22) Swennen,F (1401)-Huttl,S (1614) Blankenberge 2014}) 12. Qg3 (12. Bb5 $11) 12... d5 13. Bb3 $1 Nxb3 14. axb3 dxe4 15. dxe4 Qc7 16. Qd3 Rd8 17. e5 Bf8 18. Kh1 Bc5 19. Bd2 Bd7 20. b4 Bb6 21. Be1 a6 22. Bh4 Bb5 23. Bxd8 Rxd8 24. Qe4 Bc6 25. Qd3 Bb5 26. Qe4 d3 27. cxd3 Bxd3 28. Qf3 Qc4 29. Rac1 Qd5 30. Nc3 Qxf3 31. Rxf3 Bf5 32. Rd1 Rc8 33. h3 Kf8 34. Rd2 h5 35. Kh2 Rc4 36. Rd7 Rxb4 37. Rd2 h4 38. Nd1 Be4 39. Rc3 Bc6 40. g3 Ke7 41. Rdd3 $17 (41. Rdc2 $15) 41... Re4 42. Rc2 Re1 43. Rcc3 Re4 44. Kh1 0-1

[Event "POR-ch Absolute 2018"]
[Site "Braga"]
[Date "2018.09.08"]
[Round "8"]
[White "Fernandes, Antonio"]
[Black "Veiga, Jose Francisco R P "]
[Result "*"]
[WhiteElo "2389"]
[BlackElo "2231"]
[Annotator "NA"]
[PlyCount "73"]
[EventDate "2018.09.02"]
[EventType "tourn"]
[EventCountry "POR"]
[SourceTitle "playchess.com"]
[Source "ChessBase"]
[SourceQuality "1"]
[TimeControl "40/5400+30:1800+30"]

1. e4 e5 2. Nf3 Nc6 3. Bc4 Bc5 4. b4 Bxb4 5. c3 Be7 6. d4 Na5 7. Bd3 d6 8. dxe5 dxe5 9. Nxe5 Nf6 10. O-O O-O 11. Qc2 Bd6 12. Nf3 Re8 13. Bg5 h6 14. Bh4 b6 15. Nbd2 Bb7 16. Rad1 g5 17. Bg3 $14 Bxg3 18. hxg3 Qe7 19. Nd4 Bc8 20. Bb5 Rf8 21. Nc4 Nxc4 22. Bxc4 c5 23. e5 Ng4 24. Nc6 Qc7 25. Rd6 Kg7 26. Rfd1 Re8 27. Qe4 h5 28. f3 Nh6 29. Qe3 Nf5 30. Qxg5+ Kf8 31. Qxh5 Kg7 32. Qg5+ Kf8 33. Qf6 Kg8 34. Rd7 Bxd7 35. Bxf7+ Kh7 36. Bg6+ Kh6 37. Bxf5+ *

[Event "POR-ch Absolute 2018"]
[Site "Braga"]
[Date "2018.09.08"]
[Round "8"]
[White "Sousa, Andre Ventura"]
[Black "Silva, Luis Neves Da"]
[Result "1/2-1/2"]
[ECO "C01"]
[WhiteElo "2365"]
[BlackElo "2353"]
[Annotator "NA"]
[PlyCount "21"]
[EventDate "2018.09.02"]
[EventType "tourn"]
[EventCountry "POR"]
[SourceTitle "playchess.com"]
[Source "ChessBase"]
[SourceQuality "1"]
[TimeControl "40/5400+30:1800+30"]

1. e4 e6 2. d4 d5 3. exd5 exd5 4. Nf3 Nc6 5. Nc3 Bb4 6. Bb5 Nge7 7. O-O O-O 8. h3 Bf5 9. Bf4 a6 10. Bd3 Qd7 11. Bxf5 1/2-1/2

[Event "POR-ch Absolute 2018"]
[Site "Braga"]
[Date "2018.09.09"]
[Round "9"]
[White "Martins, David Pires Tavares"]
[Black "Sousa, Andre Ventura"]
[Result "1-0"]
[ECO "D31"]
[WhiteElo "2402"]
[BlackElo "2365"]
[Annotator "ChessBase"]
[PlyCount "83"]
[EventDate "2018.09.02"]
[EventType "tourn"]
[EventCountry "POR"]
[SourceTitle "playchess.com"]
[Source "ChessBase"]
[SourceQuality "1"]
[TimeControl "40/5400+30:1800+30"]

1. d4 d5 2. c4 e6 3. Nc3 Bb4 4. a3 Bxc3+ 5. bxc3 Nf6 6. e3 c6 7. Bd3 e5 8. cxd5 e4 9. Be2 cxd5 10. a4 O-O 11. Ba3 Re8 12. g4 h6 13. h4 Nh7 14. c4 Be6 15. cxd5 Bxd5 16. Rb1 Nc6 17. Rb5 a6 18. Rc5 b6 19. Rc1 b5 20. Kf1 b4 21. Bb2 Na5 22. Kg2 Nf8 23. Nh3 Ne6 24. g5 hxg5 25. hxg5 Rc8 26. Bxa6 Rxc1 27. Bxc1 g6 28. Bb5 Rf8 29. Qg4 f5 30. Qh4 Qe7 31. Nf4 Nxf4+ 32. Qxf4 Nb3 33. Rh6 Nxc1 34. Rxg6+ Kh7 35. Rd6 Be6 36. d5 Bf7 37. Qh4+ Kg8 38. Rf6 Qe5 39. g6 Kg7 40. Rxf7+ Rxf7 41. Qh7+ Kf8 42. Qxf7# 1-0

[Event "POR-ch Absolute 2018"]
[Site "Braga"]
[Date "2018.09.09"]
[Round "9"]
[White "Silva, Luis Neves Da"]
[Black "Rocha, Sergio"]
[Result "1-0"]
[ECO "E91"]
[WhiteElo "2353"]
[BlackElo "2379"]
[Annotator "NA"]
[PlyCount "77"]
[EventDate "2018.09.02"]
[EventType "tourn"]
[EventCountry "POR"]
[SourceTitle "playchess.com"]
[Source "ChessBase"]
[SourceQuality "1"]
[TimeControl "40/5400+30:1800+30"]

1. Nf3 d6 2. d4 Nf6 3. c4 g6 4. Nc3 Bg7 5. e4 O-O 6. Be2 c6 7. O-O a6 8. Re1 b5 {[%emt 0:00:06] E91: Königsindisch (Klassisches System)} 9. e5 Ne8 {[%emt 0:00:18] LiveBook: 14 Games} 10. Bf4 (10. Bg5 f6 11. Bh4 Kh8 12. h3 Ra7 13. a3 Nd7 14. e6 Nb6 15. d5 cxd5 16. cxd5 {½-½ (39) Holzke,F (2524)-Howell,D (2622) Wijk aan Zee 2009}) 10... d5 $146 ({Vorgänger:} 10... bxc4 11. Bxc4 d5 12. Bb3 h6 13. h3 Nc7 14. Qd2 Kh7 15. Rac1 Ne6 16. Be3 {1-0 (40) Milekic,D (2253)-Nikolic,D (2218) Belgrade 2016}) 11. cxd5 cxd5 12. h3 Nc7 13. Qd2 Bd7 14. Bh6 Nc6 15. Rac1 b4 16. Bxg7 Kxg7 17. Nd1 Ne6 18. Ne3 Nf4 (18... Qa5 $16) 19. Bf1 f6 20. g3 Nh5 21. Ng4 Kg8 22. Rc5 e6 23. exf6 Nxf6 24. Nh6+ Kg7 {[%emt 0:04:35] [#]} 25. Ng5 $1 Nxd4 $2 (25... Ne7 26. Bd3 (26. Nxe6+ Bxe6 27. Rxe6 Qd7 $16) 26... Nf5) 26. Qxd4 Kxh6 27. Nxe6 Bxe6 28. Rxe6 a5 29. Bg2 Ra7 30. Rxd5 Rd7 $2 (30... Nxd5 31. Qxa7 Nf6) 31. Rxd7 Qxd7 32. Qe3+ g5 33. h4 Qd1+ 34. Kh2 Qh5 35. Bf3 Qg6 36. Kg2 a4 37. Re5 $18 Re8 38. hxg5+ Kg7 39. gxf6+ 1-0

[Event "POR-ch Absolute 2018"]
[Site "Braga"]
[Date "2018.09.09"]
[Round "9"]
[White "Rego, Pedro Filipe"]
[Black "Fernandes, Antonio"]
[Result "0-1"]
[ECO "A15"]
[WhiteElo "2270"]
[BlackElo "2389"]
[Annotator "NA"]
[PlyCount "98"]
[EventDate "2018.09.02"]
[EventType "tourn"]
[EventCountry "POR"]
[SourceTitle "playchess.com"]
[Source "ChessBase"]
[SourceQuality "1"]
[TimeControl "40/5400+30:1800+30"]

1. c4 Nf6 2. g3 g6 3. Bg2 d5 4. Nf3 Bg7 5. cxd5 Nxd5 6. Nc3 O-O 7. O-O c5 {[%emt 0:06:50] LiveBook: 485 Games} 8. Ne1 {[%emt 0:08:37] A34: Symmetrical English: 2 Nc3, lines with ...d5} (8. Nxd5 Qxd5 9. d4 cxd4 10. Be3 Nc6 11. Nxd4 Qc4 12. Nxc6 bxc6 13. Qb3 Be6 14. Qxc4 Bxc4 15. Rac1 Bxa2 16. Bxc6 Rab8 17. Bxa7 {½-½ (17) Svidler,P (2747)-Anand,V (2786) Zuerich 2017}) 8... Be6 9. Nd3 Na6 10. Qa4 $146 ({Predecessor:} 10. f4 b6 11. Ne5 Qd6 12. Qa4 Nac7 13. Ne4 Qd8 14. Ng5 Bc8 15. Qb3 e6 16. Ngf3 Bb7 17. d3 Ne7 18. Be3 Nc6 19. Nxc6 {½-½ (19) Kubitza,G-Keller,T (2165) Germany 1995}) 10... c4 11. Bxd5 Bxd5 12. Nf4 $1 Bc6 13. Qxc4 Rc8 14. Qb3 b5 15. a3 e5 16. Ng2 Nc5 17. Qd1 e4 18. b4 Ne6 19. Bb2 Nd4 20. d3 exd3 21. Qxd3 Nf3+ 22. Kh1 Qxd3 23. exd3 Nd2 24. Rfd1 Nb3 25. d4 Nxa1 26. Bxa1 Rfd8 27. Na2 Bd5 28. Nc1 Bf3 29. Re1 Bxd4 30. Bxd4 Rxd4 31. Nb3 Rd1 32. Rxd1 Bxd1 33. Nc5 Bf3 34. Kg1 Rd8 35. Ne3 Rd2 36. h4 Ra2 37. g4 Rxa3 38. Kh2 a5 39. bxa5 Rxa5 40. Kg3 Bc6 41. Nd3 Ra3 42. Nb4 Bb7 43. Kf4 $19 Rb3 44. Nbc2 Rb2 45. f3 b4 46. Nd4 b3 47. Nc4 Rf2 48. Ke3 b2 49. Na3 Rf1 0-1

[Event "POR-ch Absolute 2018"]
[Site "Braga"]
[Date "2018.09.09"]
[Round "9"]
[White "Padeiro, Jose"]
[Black "Vasques, Antonio Pedro Freix"]
[Result "1/2-1/2"]
[ECO "E81"]
[WhiteElo "2209"]
[BlackElo "2239"]
[Annotator "NA"]
[PlyCount "71"]
[EventDate "2018.09.02"]
[EventType "tourn"]
[EventCountry "POR"]
[SourceTitle "playchess.com"]
[Source "ChessBase"]
[SourceQuality "1"]
[TimeControl "40/5400+30:1800+30"]

1. d4 Nf6 2. c4 g6 3. Nc3 Bg7 4. e4 d6 5. f3 O-O 6. Bg5 c5 7. d5 h6 8. Be3 e6 9. Qd2 a6 10. a4 exd5 11. cxd5 Nbd7 12. Nh3 Ne5 13. Nf2 h5 {[%emt 0:00:08] A65: Benoni} 14. Be2 Nh7 15. O-O f5 16. f4 {[%emt 0:00:24] LiveBook: 4 Games} Ng4 17. Nxg4 (17. Bxg4 $5 hxg4 18. e5 $14) 17... hxg4 18. e5 $1 dxe5 19. Bxc5 {[%emt 0:02:27] [#]} Re8 $146 20. fxe5 ({Better is} 20. d6 $16) 20... Bxe5 21. Bd4 Qg5 22. Rad1 Bd6 23. Qxg5 Nxg5 24. Bxg4 ({Günstiger ist} 24. b3 $15) 24... Bd7 $2 (24... fxg4 $17 25. Rf6 Be7 26. Rxg6+ Kh7) 25. Bf3 b5 26. axb5 axb5 27. Rfe1 b4 28. Ne2 Ra5 29. Bf2 Kf7 30. Nd4 Rxe1+ 31. Bxe1 Ra2 32. Rb1 $11 Bc5 33. Bf2 Bxd4 34. Bxd4 Nxf3+ 35. gxf3 Ra5 36. d6 1/2-1/2